 Dungeon Crawl Stone Soup version 0.28.0-45-g0d030f2227 (webtiles) character file.

Game seed: 14021428855244816699

6755 NinjaNoafa the Fighter (level 11, -2/105 HPs)
             Began as a Hill Orc Abyssal Knight on Apr 19, 2022.
             Was an Elder of Lugonu.
             Slain by Psyche
             ... wielding a +2 dagger of distortion
              (15 damage)
             ... on level 10 of the Dungeon.
             The game lasted 00:17:35 (11722 turns).

NinjaNoafa the Fighter (Hill Orc Abyssal Knight)   Turns: 11722, Time: 00:17:35

Health: -2/105     AC: 18    Str: 23    XL:     11   Next: 4%
Magic:  15/15      EV: 12    Int: 10    God:    Lugonu [****..]
Gold:   506        SH:  0    Dex: 11    Spells: 10/10 levels left

rFire   + + +      SeeInvis .   m - +6 flail (vorpal)
rCold   + . .      Faith    .   A - orb {*Rage}
rNeg    . . .      Spirit   .   x - +1 plate armour {rF+}
rPois   +          Reflect  .   L - +1 helmet
rElec   .          Harm     .   f - +0 cloak of the Fiddle {Will+ Str+2}
rCorr   .          Rampage  .   (no gloves)
Will    +....      Rage     20% (no boots)
Stlth   ..........              i - amulet of the acrobat
HPRegen 0.27/turn               p - +4 ring of evasion
MPRegen 0.14/turn               v - ring "Vuthowoiff" {Fly rPois rF+ rC+}

@: confused, flying, studying Fighting
A: talons 1, fire resistance 1
a: Renounce Religion, Depart the Abyss, Bend Space, Banish, Corrupt


You were on level 10 of the Dungeon.
You worshipped Lugonu.
Lugonu was greatly pleased with you.
You visited 2 branches of the dungeon, and saw 11 of its levels.
You visited the Abyss 2 times.

You collected 1591 gold pieces.
You spent 1085 gold pieces at shops.

Inventory:

Hand Weapons
 c - a +2 dagger of draining
 m - a +6 vorpal flail (weapon)
Missiles
 e - 8 atropa-tipped darts
 z - 5 boomerangs (quivered)
 I - a throwing net
Armour
 f - the +0 cloak of the Fiddle (worn) {Will+ Str+2}
   (You found it on level 4 of the Dungeon)

   Str:       It affects your strength (+2).
   Will:      It increases your willpower.
 x - a +1 plate armour of fire resistance (worn)
 A - an orb of wrath (worn)
 C - a scarf of harm
 L - a +1 helmet (worn)
Jewellery
 a - an amulet of guardian spirit
 i - an amulet of the acrobat (around neck)
 p - a +4 ring of evasion (left hand)
 v - the ring "Vuthowoiff" (right hand) {Fly rPois rF+ rC+}
   (You acquired it on level 5 of the Dungeon)

   [ring of flight]

   rF:        It protects you from fire.
   rC:        It protects you from cold.
   rPois:     It protects you from poison.
   Fly:       It grants you flight.
Wands
 d - a wand of flame (8)
 y - a wand of polymorph (8)
Scrolls
 g - 2 scrolls of vulnerability
 h - 2 scrolls of immolation
 k - a scroll of amnesia
 o - 4 scrolls of teleportation
 r - 3 scrolls of silence
 s - a scroll of holy word
 t - 2 scrolls of fog
 u - a scroll of magic mapping
 w - a scroll of enchant armour
 B - 2 scrolls of blinking
 D - a scroll of identify
 E - 2 scrolls of fear {unknown}
 J - a scroll of torment {unknown}
Potions
 F - a potion of curing
 K - a potion of haste


   Skills:
 + Level 12.7 Fighting
 - Level 1.8 Short Blades
 - Level 4.3(8.5) Axes
 - Level 9.6(10.0) Maces & Flails
 + Level 7.9 Armour
 + Level 3.6 Dodging
 + Level 6.0 Invocations
 - Level 5.0 Evocations


You had 10 spell levels left.
You didn't know any spells.
Your spell library contained the following spells:

 Spells                   Type           Power      Damage    Failure   Level
 Sublimation of Blood     Necr           0%         N/A       100%        2
 Petrify                  Tmut/Erth      0%         N/A       100%        4
 Irradiate                Conj/Tmut      0%         3d13      100%        5


Dungeon Overview and Level Annotations

Branches:
Dungeon (10/15)            Temple (1/1) D:6            Lair (0/6) D:10
    Orc: D:9-12

Altars:
Ashenzari
Cheibriados
Dithmenos
Elyvilon
Fedhas
Gozag
Makhleb
Nemelex Xobeh
Okawaru
Qazlal
Ru
Sif Muna
Trog
Uskayaw
Vehumet
Wu Jian
Xom
Yredelemnul
Zin
The Shining One

Shops:
D:3 (   D:4 *   D:7 [   D:9 [

Annotations:
D:10 Psyche


Innate Abilities, Weirdness & Mutations

You have sharp toenails.
Your flesh is heat resistant. (rF+)


Message History

Your extra speed is starting to run out.
You feel yourself slow down.
Found 18 gold pieces.
The centaur zombie misses you.
The centaur zombie completely misses you.
You reach down and open the door.
The centaur zombie hits you but does no damage.
The centaur zombie misses you.
There is an open door here.
The centaur zombie hits you.
The centaur zombie completely misses you.
The centaur zombie misses you.
The centaur zombie completely misses you.
The centaur zombie closely misses you.
The centaur zombie completely misses you.
Psyche casts a spell.
Psyche flickers and vanishes!
Deactivating autopickup; reactivate with Ctrl-A.
Found an escape hatch in the ceiling.
You hear some strange, mumbled words.
A swirling arc of seething chaos appears!
An arc of chaos appears from out of thin air!
The arc of chaos hits you!
You are confused.
The arc of chaos hits the centaur zombie.
The centaur zombie appears confused.
You are too confused!
You are too confused!
The centaur zombie misses you.
The centaur zombie completely misses you.
You completely miss something. Something hits you but does no damage.
Space warps horribly around you!!
* * * LOW HITPOINT WARNING * * *
The centaur zombie closely misses you.
The centaur zombie kicks you but does no damage.
The centaur zombie hits itself.
The centaur zombie kicks itself.
Something hits you.
* * * LOW HITPOINT WARNING * * *
Space warps horribly around you!
You die...

##############
#.............
#....@........
#...Z.........
+............<
#######'######......
.............#......
..............+ .....
...........@..# .....
..............# ....
####..............##########


You could see a centaur zombie (confused).

Vanquished Creatures
  2 two-headed ogres
  The ghost of pkoi the Insei, a novice DgAr (D:5)
  A shadow (D:9)
  A wyvern (D:8)
  10 yaks
  Edmund (D:5)
  2 orc warriors (D:9)
  2 water moccasins (D:6)
  3 ice beasts
  2 black bears
  A sky beast (D:7)
  2 necrophages
  3 centaurs
  2 phantoms (D:5)
  Blork the orc (D:6)
  2 bullfrogs
  4 scorpions
  A water moccasin zombie (D:5)
  A wyvern zombie (D:7)
  6 killer bees (D:8)
  5 wights (D:9)
  3 bullfrog zombies
  4 hounds
  2 jellies
  A centaur skeleton (D:7)
  A gnoll shaman (D:8)
  9 orc wizards
  An iguana (D:9)
  A scorpion zombie (D:5)
  15 gnolls
  5 adders
  A howler monkey skeleton (D:6)
  3 shadow imps
  3 white imps
  2 ufetubi
  An adder skeleton (D:4)
  3 worms
  3 dart slugs
  24 orcs
  10 ball pythons
  4 bats (D:1)
  7 endoplasms
  2 giant cockroaches
  7 goblins
  7 hobgoblins
  6 jackals
  5 kobolds
  9 quokkas
  4 frilled lizards
  5 rats
201 creatures vanquished.

Vanquished Creatures (others)
  5 fungi (D:10)
5 creatures vanquished.

Grand Total: 206 creatures vanquished

Notes
Turn   | Place    | Note
-------+----------+-------------------------------------------
     0 | Abyss:1  | NinjaNoafa the Hill Orc Abyssal Knight began the quest for
                  | the Orb.
     0 | Abyss:1  | Reached XP level 1. HP: 19/19 MP: 2/2
    26 | Abyss:1  | Noticed a sun demon
    40 | Abyss:1  | Found a corrupted altar of Lugonu.
    57 | D:1      | Escaped the Abyss
   496 | D:1      | Reached skill level 1 in Dodging
   496 | D:1      | Reached XP level 2. HP: 21/27 MP: 3/3
   711 | D:1      | Reached * piety under Lugonu
   732 | D:1      | Reached XP level 3. HP: 6/31 MP: 5/5
  1070 | D:1      | Reached skill level 4 in Fighting
  1629 | D:2      | Identified the +4 scale mail "Ymoqewug" {rElec rPois Str-5
                  | Dex+4}
  1739 | D:2      | Reached XP level 4. HP: 32/40 MP: 6/6
  1879 | D:2      | Reached ** piety under Lugonu
  1949 | D:2      | Reached skill level 1 in Short Blades
  2518 | D:3      | Found a faded altar of an unknown god.
  2667 | D:3      | Found Dessanig's Weapon Boutique.
  2727 | D:3      | Found a shimmering blue altar of Sif Muna.
  2925 | D:3      | Found a glowing golden altar of the Shining One.
  3500 | D:3      | You fall into a shaft and drop 3 floors!
  3527 | D:6      | Noticed a black bear
  3534 | D:5      | Entered Level 5 of the Dungeon
  3549 | D:4      | Killed a black bear
  3550 | D:4      | Reached XP level 5. HP: 36/47 MP: 7/7
  3625 | D:4      | You fall into a shaft and drop 2 floors!
  3625 | D:6      | Noticed Blork the orc
  3671 | D:5      | Found a burning altar of Makhleb.
  3810 | D:5      | Noticed a phantom
  3823 | D:5      | Gained mutation: You are robust. (+10% HP) [potion of
                  | mutation]
  3823 | D:5      | Lost mutation: You are robust. (+10% HP) [potion of
                  | mutation]
  3823 | D:5      | Gained mutation: You have sharp toenails. [potion of
                  | mutation]
  3823 | D:5      | Gained mutation: Your flesh is heat resistant. (rF+)
                  | [potion of mutation]
  3838 | D:5      | Identified a scroll of acquirement
  3838 | D:5      | Acquired the ring "Vuthowoiff" {Fly rPois rF+ rC+}
  3838 | D:5      | HP: 2/47 [phantom (3)]
  4101 | D:5      | Noticed Edmund
  4166 | D:4      | Reached XP level 6. HP: 19/53 MP: 9/9
  4170 | D:4      | Found Raegiploxo's Mass Market.
  4473 | D:4      | Identified the +0 cloak of the Fiddle {Will+ Str+2}
  4505 | D:4      | Bought a +0 executioner's axe for 100 gold pieces
  4653 | D:4      | Noticed a necrophage
  4664 | D:4      | Killed a necrophage
  4665 | D:4      | Reached skill level 5 in Fighting
  5058 | D:4      | Reached XP level 7. HP: 49/61 MP: 10/10
  5537 | D:5      | Killed Edmund
  5538 | D:5      | Reached skill level 5 in Invocations
  5883 | D:5      | Reached skill level 1 in Maces & Flails
  6084 | D:5      | Identified the +2 robe of the Pink Corner {Drain Slay+2
                  | SInv}
  6129 | D:5      | Reached skill level 6 in Fighting
  6142 | D:5      | Found a sparkling altar of Nemelex Xobeh.
  6151 | D:5      | Reached skill level 5 in Armour
  6151 | D:5      | Reached XP level 8. HP: 70/70 MP: 11/11
  6371 | D:5      | Found a runed translucent door.
  6372 | D:5      | Noticed pkoi's ghost (novice DgAr)
  6464 | D:5      | Reached *** piety under Lugonu
  6723 | D:5      | Killed pkoi's ghost
  6724 | D:5      | Reached skill level 7 in Fighting
  6795 | D:6      | Killed Blork the orc
  6953 | D:6      | Reached XP level 9. HP: 81/81 MP: 12/12
  6993 | D:6      | Acquired a manual of Fighting
  7000 | D:6      | Reached skill level 8 in Fighting
  7029 | D:6      | Reached skill level 5 in Maces & Flails
  7084 | D:6      | Found a staircase to the Ecumenical Temple.
  7096 | Temple   | Entered the Ecumenical Temple
  8079 | D:7      | Reached skill level 9 in Fighting
  8189 | D:7      | Reached skill level 1 in Evocations
  8507 | D:7      | Reached skill level 10 in Fighting
  8527 | D:7      | Reached XP level 10. HP: 26/94 MP: 13/13
  8932 | D:7      | Acquired 1031 gold pieces
  9086 | D:7      | Found Agurax's Antique Armour Shoppe.
  9094 | D:7      | Bought a glowing plate armour for 546 gold pieces
  9094 | D:7      | Bought a shiny orb for 252 gold pieces
  9550 | D:8      | Reached skill level 5 in Evocations
  9552 | D:8      | Reached skill level 11 in Fighting
  9797 | D:8      | Reached **** piety under Lugonu
  9924 | D:8      | Found a basalt altar of Yredelemnul.
  9978 | D:8      | Found a glowing silver altar of Zin.
 10036 | D:8      | Noticed a two-headed ogre
 10045 | D:8      | Killed a two-headed ogre
 10046 | D:8      | Reached skill level 12 in Fighting
 10822 | D:9      | Found a white marble altar of Elyvilon.
 10888 | D:9      | Found a radiant altar of Vehumet.
 11158 | D:9      | Found a snail-covered altar of Cheibriados.
 11262 | D:9      | Found a bloodstained altar of Trog.
 11325 | D:9      | Found Cafepleh's Antique Armour Boutique.
 11331 | D:9      | Bought a runed helmet for 187 gold pieces
 11609 | D:10     | Entered Level 10 of the Dungeon
 11609 | D:10     | Found a staircase to the Lair.
 11620 | D:10     | Noticed Psyche
 11626 | D:10     | Found a shadowy altar of Dithmenos.
 11634 | D:10     | Noticed a two-headed ogre
 11641 | D:10     | Killed a two-headed ogre
 11642 | D:10     | Reached XP level 11. HP: 46/105 MP: 15/15
 11644 | D:10     | Cast into level 1 of the Abyss (Psyche)
 11656 | D:10     | Escaped the Abyss
 11657 | D:10     | Noticed a two-headed ogre
 11722 | D:10     | Slain by Psyche

Illustrated notes

Levels and vault maps discovered:
D:1:      kennysheep_arrival_seaside, layout_rooms, minmay_vboxes
D:2:      layout_loops_ring, serial_rivers, chequers_serial_rivers_micro_c,
          chequers_serial_rivers_micro_b, chequers_serial_rivers_small_3,
          chequers_serial_rivers_micro_c, chequers_serial_rivers_room_a,
          chequers_serial_rivers_room_a, grunt_ministairs_10
D:3:      layout_basic, mainiacjoe_overflow_brackets,
          mainiacjoe_overflow_chevrons, serial_shops, nicolae_shop_crystal,
          hellmonk_ecumenical_altar_arch_garden
D:4:      layout_basic, minmay_misc_feat_ornament, minmay_shop_mass,
          chequers_serial_rivers_small_b, hex_large
D:5:      layout_cave_pods, lemuel_tele_altar, makhleb_grotto_becter,
          gammafunk_ghost_grave, serial_park, serial_park_square1
          [serial_park_minivault_5x5_1], serial_park_tiny_2, serial_park_paths
          [serial_park_minivault_5x5_7], serial_park_tiny_1,
          kennysheep_minor_cross, uniq_edmund
D:6:      layout_cave_pods, temple_green, uniq_blork_the_orc
D:7:      layout_basic, serial_shops, shop
D:8:      layout_basic, mainiacjoe_overflow_alcove_1,
          mainiacjoe_overflow_concentric_impassable, minmay_misc_feat_tower
D:9:      layout_roguey, mainiacjoe_overflow_24_doors, slow_altar_1,
          trog_butcher_becter, lemuel_round_altar, serial_shops,
          nicolae_shop_trees, serial_glass, glass_columns_a, glass_columns_b,
          glass_columns_a, glass_columns_a, glass_columns_a, glass_columns_a,
          glass_columns_b, glass_columns_a, glass_columns_a, glass_columns_c,
          glass_columns_c, glass_columns_c, glass_columns_b, glass_columns_c,
          hangedman_decor_riveting
D:10:     layout_gridville, lemuel_mausoleum_altar_kikubaaqudgha,
          mainiacjoe_overflow_cross_hatched,
          nicolae_hepliaklqana_monster_ancestors, uniq_psyche
Temple:   compressed_dpeg_triangle_lava_temple

Skill      XL: |  1  2  3  4  5  6  7  8  9 10 |
---------------+-------------------------------+-----
Dodging        | 1 2 3 |  3.6
Axes           | 3 4 |  4.3
Fighting       | 4 5 6 7 10 12 | 12.7
Invocations    | 3 4 5 6 |  6.0
Armour         | 3 4 5 6 7 |  7.9
Short Blades   | 1 |  1.8
Maces & Flails | 2 4 6 9 |  9.6
Evocations     | 4 5 |  5.0

Action                   |  1- 3 |  4- 6 |  7- 9 | 10-12 || total
-------------------------+-------+-------+-------+-------++-------
Melee: Hand axe          |    44 |       |       |       ||    44
       Dagger            |    64 |   122 |       |       ||   186
       Punch             |     1 |     4 |     7 |       ||    12
       Kick              |       |    12 |    55 |    39 ||   106
       Executioner's axe |       |    21 |    14 |       ||    35
       Flail             |       |       |   229 |   125 ||   354
Throw: Boomerang         |       |       |       |     9 ||     9
Invok: Depart the Abyss  |     1 |       |       |       ||     1
Evoke: Wand              |       |       |     3 |       ||     3
  Use: Scroll            |       |     7 |     6 |     3 ||    16
       Potion            |       |     3 |     5 |     3 ||    11
 Stab: Invisible         |       |       |       |     2 ||     2
Armor: Leather armour    |    36 |       |       |       ||    36
       Scale mail        |    10 |    81 |   138 |       ||   229
       Plate armour      |       |       |       |    69 ||    69
Dodge: Dodged            |    70 |   123 |   267 |   130 ||   590
